 Dungeon Crawl Stone Soup version 0.30-a0-1160-g6e42c06551 (webtiles) character file.

Game seed: 3694320511193436142

488 iamoutofideas the Cleaver (level 7, 0/45 (58) HPs)
             Began as a Hill Orc Reaver on Apr 27, 2023.
             Slain by a sky beast (4 damage)
             ... on level 5 of the Dungeon.
             The game lasted 00:04:15 (2106 turns).

iamoutofideas the Cleaver (Hill Orc Reaver)         Turns: 2106, Time: 00:04:16

HP:   0/45 (58)     AC:  3    Str: 17    XL:     7   Next: 13%
MP:   6/9           EV: 11    Int: 13    God:
Gold: 134           SH:  0    Dex:  9    Spells: 8/9 levels left

rFire   + . .        a - +0 hand axe (vamp)
rCold   + . .        (no shield)
rNeg    . . .        b - +0 leather armour
rPois   +            (no helmet)
rElec   +            (no cloak)
rCorr   +            (no gloves)
SInv    .            (no boots)
Will    .....        (no amulet)
Stlth   +            (no ring)
HPRegen 0.00/turn    (no ring)
MPRegen 0.11/turn

%: no passive effects
@: resistant, flying, inhibited regen, heavily drained
A: deterioration 1, inhibited regeneration
a: no special abilities


You were on level 5 of the Dungeon.
You visited 1 branch of the dungeon, and saw 5 of its levels.

You collected 134 gold pieces.

Inventory:

Hand Weapons
 a - a +0 vampiric hand axe (weapon)
Armour
 b - a +0 leather armour (worn)
Jewellery
 e - an amulet of regeneration
 l - an amulet of magic regeneration
Potions
 j - a potion of degeneration
 q - a potion of magic {unknown}


   Skills:
 + Level 3.8 Fighting
 * Level 8.5 Axes
 + Level 2.3 Armour
 + Level 2.1 Dodging
 + Level 1.8 Spellcasting
 + Level 3.3 Conjurations


You had 8 spell levels left.
You knew the following spells:

 Your Spells              Type           Power      Damage    Failure   Level
a - Kiss of Death         Conj/Necr      20%        2d7       16%         1

Your spell library contained the following spells:

 Spells                   Type           Power      Damage    Failure   Level
 Momentum Strike          Conj/Tloc      10%        3d8       24%         2
 Summon Small Mammal      Summ           4%         N/A       30%         1
 Hailstorm                Conj/Ice       5%         3d4       43%         3
 Call Canine Familiar     Summ           1%         N/A       67%         3
 Summon Guardian Golem    Hex/Summ       1%         N/A       67%         3


Dungeon Overview and Level Annotations

Branches:
Dungeon (6/15)
 Temple: D:4-7

Altars:


Innate Abilities, Weirdness & Mutations

Your body sometimes deteriorates upon taking damage.
You do not regenerate when monsters are visible.


Message History

You barely miss the sky beast.
The sky beast is moderately wounded.
The sky beast closely misses you.
You hit the sky beast.
You feel better.
The sky beast is heavily wounded.
You barely miss the sky beast.
The sky beast is heavily wounded.
The sky beast hits you. The sky beast shocks you.
* * * LOW HITPOINT WARNING * * *
You feel better.
A hound comes into view.
The sky beast hits you. The sky beast shocks you.
You hit the sky beast but do no damage.
The sky beast is heavily wounded.
The sky beast hits you but does no damage.
You hit the sky beast.
The sky beast is severely wounded.
The sky beast hits you but does no damage.
You barely miss the sky beast.
The sky beast is severely wounded.
The sky beast hits you but does no damage.
You hit the sky beast.
You feel better.
The sky beast is severely wounded.
The sky beast closely misses you.
You completely miss the sky beast.
The sky beast is severely wounded.
You closely miss the hound. The hound bites you.
* * * LOW HITPOINT WARNING * * *
The hound barely misses you.
The sky beast flickers out of sight!
Deactivating autopickup; reactivate with Ctrl-A.
Something hits you.
* * * LOW HITPOINT WARNING * * *
Something shocks you.
* * * LOW HITPOINT WARNING * * *
It was a potion of resistance.
You feel protected. The hound bites you.
* * * LOW HITPOINT WARNING * * *
Something hits you.
You die...

#.#.# . # ###.#.#
..#. .##.#.#
....#####.##.#.#
.......... #.#.#
......$..#
.........###+####.
#...†.......
#...@)....?.
#...h{......
#............
#............
#............
#######.####. .#
.#


You could see a hound.

Vanquished Creatures
  Sigmund (D:5)
  A water moccasin (D:6)
  A black bear (D:2)
  A hound (D:5)
  2 iguanas
  2 adders
  A white imp (D:5)
  2 dart slugs
  3 endoplasms (D:1)
  2 giant cockroaches (D:1)
  5 hobgoblins
  4 quokkas
  A ball python (D:1)
  5 bats
  4 frilled lizards
  4 kobolds
  5 rats
44 creatures vanquished.

Notes
Turn   | Place    | Note
-------+----------+-------------------------------------------
     0 | D:1      | iamoutofideas the Hill Orc Reaver began the quest for the
                  | Orb.
     0 | D:1      | Reached XP level 1. HP: 18/18 MP: 3/3
   244 | D:1      | Reached XP level 2. HP: 23/24 MP: 4/4
   661 | D:1      | Reached XP level 3. HP: 19/30 MP: 5/5
   718 | D:1      | Found a faded altar of an unknown god.
  1193 | D:2      | Noticed a black bear
  1201 | D:2      | Killed a black bear
  1202 | D:2      | Reached skill level 5 in Axes
  1202 | D:2      | Reached XP level 4. HP: 20/38 MP: 2/6
  1202 | D:2      | Reached XP level 5. HP: 24/45 MP: 2/7
  1892 | D:3      | You fall into a shaft and drop 3 floors!
  1901 | D:6      | Noticed a water moccasin
  1907 | D:6      | Killed a water moccasin
  1908 | D:6      | Reached skill level 6 in Axes
  1908 | D:6      | Reached XP level 6. HP: 36/47 MP: 4/8
  1964 | D:6      | Reached skill level 7 in Axes
  1971 | D:5      | Entered Level 5 of the Dungeon
  2080 | D:5      | Noticed Sigmund
  2086 | D:5      | Noticed a sky beast
  2090 | D:5      | Gained mutation: You do not regenerate when monsters are
                  | visible. [potion of mutation]
  2090 | D:5      | Gained mutation: Your body sometimes deteriorates upon
                  | taking damage. [potion of mutation]
  2093 | D:5      | Killed Sigmund
  2094 | D:5      | Reached skill level 8 in Axes
  2094 | D:5      | Reached XP level 7. HP: 17/45 MP: 5/9
  2106 | D:5      | Slain by a sky beast

Illustrated notes

Levels and vault maps discovered:
D:1:      scummos_arrival_gate, layout_loops_ring,
          chequers_ecumenical_altar_island
D:2:      layout_loops_corners, minmay_heptomino_w4
D:3:      layout_loops_ring, minmay_unequal
D:5:      layout_basic, gup_ossuary_entry_pyramid,
          ebering_dispersal_statue_hall, uniq_sigmund
D:6:      hangedman_cross_stitches, layout_layer_cave,
          mainiacjoe_overflow_24_doors, minmay_temple_entry_water_ring

Skill      XL: |  1  2  3  4  5  6 |
---------------+-------------------+-----
Fighting       | 3 |  3.8
Axes           | 5 6 8 |  8.5
Armour         | 2 |  2.3
Dodging        | 2 |  2.1
Spellcasting   | |  1.8
Conjurations   | |  3.3

Action                     |  1- 3 |  4- 6 |  7- 9 || total
---------------------------+-------+-------+-------++-------
  Melee: Hand axe          |   113 |    58 |    11 ||   182
         Punch             |     1 |     1 |       ||     2
   Cast: Kiss of Death     |     4 |     6 |       ||    10
    Use: Scroll            |       |     8 |       ||     8
         Potion            |       |     3 |     2 ||     5
 Armour: Leather armour    |    38 |     5 |     4 ||    47
  Dodge: Dodged            |    69 |    48 |     5 ||   122

Table legend: (Time is in decaauts)
 A = Elapsed time spent in this place.
 B = Non-inter-level travel time spent in this place.
 C = Inter-level travel time spent in this place.
 D = Time resting spent in this place.
 E = Time spent auto-exploring this place.
 F = Levels seen in this place.
 G = Mean time per level.
                   A        B        C        D        E       F      G
               +--------+--------+--------+--------+--------+-----+--------+
         Total |   2117 |   2032 |     85 |    238 |   1397 |   5 |  423.4 |
       Dungeon |   2117 |   2032 |     85 |    238 |   1397 |   5 |  423.4 |
               +--------+--------+--------+--------+--------+-----+--------+

Top non-repeatable levels by time:
     D:1: 953 daAuts
     D:2: 949 daAuts
     D:5: 131 daAuts
     D:6: 78 daAuts
     D:3: 4 daAuts
